 Dungeon Crawl Stone Soup version 0.24.0-37-gcf1ca852f1 (webtiles) character file.

Game seed: 14547248330120145474, levelgen mode: deterministic

25 scottishvillain the Firebug (level 3, -4/25 HPs)
             Began as a Gnoll Wanderer on Nov 22, 2019.
             Slain by a worm (9 damage)
             ... on level 2 of the Dungeon on Nov 26, 2019.
             The game lasted 00:07:15 (1191 turns).

scottishvillain the Firebug (Gnoll Wanderer)        Turns: 1191, Time: 00:07:16

Health: -4/25      AC:  3    Str: 15    XL:     3   Next: 4%
Magic:  7/7        EV: 11    Int: 13    God:
Gold:   85         SH:  0    Dex: 15    Spells: 6/7 levels left

rFire    . . .     SeeInvis .   a - +0 dagger
rCold    . . .     Gourm    .   (no shield)
rNeg     . . .     Faith    .   i - +0 leather armour
rPois    .         Spirit   .   (no helmet)
rElec    .         Reflect  .   (no cloak)
rCorr    .         Harm     .   (no gloves)
MR       .....                  (no boots)
Stlth    +.........             (no amulet)
HPRegen  0.08/turn              (no ring)
MPRegen  0.10/turn              (no ring)

@: no status effects
A: distributed training, fangs 1, strong nose
a: no special abilities


You were on level 2 of the Dungeon.
You were not hungry.

You visited 1 branch of the dungeon, and saw 2 of its levels.

You collected 85 gold pieces.

Inventory:

Hand Weapons
 a - a +0 dagger (weapon)
Missiles
 g - 7 javelins (quivered)
Armour
 i - a +0 leather armour (worn)
Scrolls
 e - 2 scrolls of teleportation {unknown}
 h - a scroll of identify {unknown}
Potions
 b - a potion of experience {unknown}
 c - 2 potions of curing
Comestibles
 f - a ration


   Skills:
 + Level 0.5 Fighting
 + Level 0.5 Short Blades
 + Level 0.5 Long Blades
 + Level 0.5 Axes
 + Level 0.5 Maces & Flails
 + Level 0.5 Polearms
 + Level 0.5 Staves
 + Level 0.5 Slings
 + Level 0.5 Bows
 + Level 0.5 Crossbows
 + Level 2.5 Throwing
 + Level 0.5 Armour
 + Level 0.5 Dodging
 + Level 0.5 Stealth
 + Level 0.5 Shields
 + Level 0.5 Unarmed Combat
 + Level 2.7 Spellcasting
 + Level 0.4 Conjurations
 + Level 0.4 Hexes
 + Level 2.0 Charms
 + Level 0.4 Summonings
 + Level 0.4 Necromancy
 + Level 0.4 Translocations
 + Level 5.4 Transmutations
 + Level 5.4 Fire Magic
 + Level 0.4 Ice Magic
 + Level 0.4 Air Magic
 + Level 0.4 Earth Magic
 + Level 0.4 Poison Magic
 + Level 0.7 Invocations
 + Level 2.5 Evocations


You had 6 spell levels left.
You knew the following spells:

 Your Spells              Type           Power        Failure   Level  Hunger
a - Beastly Appendage     Tmut           ###...       3%          1    #......

Your spell library contained the following spells:

 Spells                   Type           Power        Failure   Level  Hunger
 Sticks to Snakes         Tmut           ###.....     4%          2    ###....
 Freeze                   Ice            #...         24%         1    #......
 Spider Form              Tmut/Pois      #.........   26%         3    ###....
 Ozocubu's Armour         Chrm/Ice       #.......     45%         3    ###....
 Ice Form                 Ice/Tmut       #.......     65%         4    #####..
 Blade Hands              Tmut           ###.......   65%         5    ######.


Dungeon Overview and Level Annotations

Branches:
Dungeon (2/15)

Altars:


Innate Abilities, Weirdness & Mutations

Your experience applies equally to all skills.
You have very sharp teeth.
Your uncanny sense of smell can sniff out nearby items.


Message History

* * * LOW HITPOINT WARNING * * *
You hit the worm but do no damage. You bite the worm.
The worm is moderately wounded.
The worm misses you.
You hit the worm.
The worm is heavily wounded.
You hit the worm.
The worm is severely wounded.
The worm misses you.
You hit the worm.
The worm is severely wounded.
You barely miss the worm.
The worm is severely wounded.
The worm barely misses you.
You hit the worm but do no damage. You bite the worm, but do no damage.
The worm is heavily wounded.
You hit the worm but do no damage.
The worm is heavily wounded.
The worm bites you!
You die...

###
#<#
#.#
#@#
#w#
..#∆
####
∆


You could see a worm.

Vanquished Creatures
  A leopard gecko (D:1)
  2 bats (D:1)
  4 giant cockroaches (D:1)
  2 goblins (D:1)
  3 hobgoblins (D:1)
  3 kobolds (D:1)
  2 frilled lizards
  4 rats (D:1)
21 creatures vanquished.

Notes
Turn   | Place    | Note
-------+----------+-------------------------------------------
     0 | D:1      | scottishvillain the Gnoll Wanderer began the quest for the
                  | Orb.
     0 | D:1      | scottishvillain set off with the following items: a +0
                  | dagger, a potion of curing, a +0 robe, a ration; and the
                  | following spells available to memorise: Beastly Appendage,
                  | Sticks to Snakes, Freeze, Spider Form, Ozocubu's Armour,
                  | Blade Hands, Ice Form
     0 | D:1      | Reached XP level 1. HP: 13/13 MP: 4/4
     2 | D:1      | Learned a level 1 spell: Beastly Appendage
   291 | D:1      | Reached XP level 2. HP: 19/19 MP: 5/5
  1159 | D:1      | Reached XP level 3. HP: 24/25 MP: 7/7
  1191 | D:2      | Slain by a worm

Levels and vault maps discovered:
D:1:      evilmike_arrival_home_sweet_home, layout_basic
D:2:      layout_basic, first_ration, serial_undead, serial_undead_f,
          serial_undead_f, serial_undead_e, serial_undead_c, serial_undead_f

Skill      XL: |  1 |
---------------+----+-----
Charms         | 2 |  2.0
Fighting       | |  0.5
Short Blades   | |  0.5
Long Blades    | |  0.5
Axes           | |  0.5
Maces & Flails | |  0.5
Polearms       | |  0.5
Staves         | |  0.5
Slings         | |  0.5
Bows           | |  0.5
Crossbows      | |  0.5
Throwing       | |  2.5
Armour         | |  0.5
Dodging        | |  0.5
Stealth        | |  0.5
Shields        | |  0.5
Unarmed Combat | |  0.5
Spellcasting   | |  2.7
Conjurations   | |  0.4
Hexes          | |  0.4
Summonings     | |  0.4
Necromancy     | |  0.4
Translocations | |  0.4
Transmutations | |  5.4
Fire Magic     | |  5.4
Ice Magic      | |  0.4
Air Magic      | |  0.4
Earth Magic    | |  0.4
Poison Magic   | |  0.4
Invocations    | |  0.7
Evocations     | |  2.5

Action                   || total
-------------------------++-------
Melee: Dagger            ||   144
       Bite              ||    13
 Stab: Sleeping          ||     1
  Eat: Ration            ||     1
Armor: Chain mail        ||    96
       Robe              ||     3
       Leather armour    ||     4
Dodge: Dodged            ||    56
